 Dungeon Crawl Stone Soup version 0.31-a0-1009-g454b1f1e0a (webtiles) character file.

Game seed: 18408068794884511641

4975 EC1 the Basher (level 10, -3/86 HPs)
             Began as a Minotaur Fighter on Nov 15, 2023.
             Was a Priest of Zin.
             Slain by a death knight
             ... wielding a +1 broad axe
              (19 damage)
             ... on level 8 of the Dungeon.
             The game lasted 00:31:55 (6337 turns).

EC1 the Basher (Minotaur Fighter)                   Turns: 6337, Time: 00:31:55

Health: -3/86      AC: 16    Str: 33    XL:     10   Next: 29%
Magic:  5/9        EV: 13    Int:  6    God:    Zin [***...]
Gold:   297        SH:  5    Dex: 10    Spells: 9/9 levels left

rFire   . . .        N - +2 broad axe (flame)
rCold   . . .        c - +0 buckler
rNeg    . . .        o - +1 plate armour
rPois   ∞            (helmet restricted)
rElec   .            (no cloak)
rCorr   .            (no gloves)
SInv    .            B - +0 pair of boots
Will    .....        F - amulet of the acrobat Stlth
                     n - +6 ring of strength
HPRegen 0.34/turn    q - +5 ring of evasion
MPRegen 0.11/turn

%: acrobat
@: mighty, vitalised, studying Axes
A: horns 2, retaliatory headbutt
a: Renounce Religion, Recite, Vitalisation, Imprison, Donate Gold


You were on level 8 of the Dungeon.
You worshipped Zin.
Zin was most pleased with you.
You visited 1 branch of the dungeon, and saw 8 of its levels.

You collected 329 gold pieces.
You donated 32 gold pieces to Zin.

Inventory:

Hand Weapons
 a - a +1 flail
 f - a +0 sling
 i - a +5 orcbow of flaming
 j - a +0 triple sword
 p - a +2 dagger of speed
 r - a +0 halberd
 w - a +0 giant club
 D - a +5 dire flail
 I - a +2 trident of draining
 L - a +0 dagger of flaming
 N - a +2 broad axe of flaming (weapon)
 R - a +3 antimagic trident
Missiles
 e - 6 boomerangs
 y - 6 curare-tipped darts
 M - 11 poisoned darts
Armour
 b - a +0 scale mail
 c - a +0 buckler (worn)
 h - a +0 buckler
 k - a +2 leather armour of fire resistance
 m - a +0 ring mail
 o - a +1 plate armour (worn)
 t - a +0 plate armour
 v - a +0 pair of gloves
 B - a +0 pair of boots (worn)
 J - an orb of guile
 O - +0 steam dragon scales
Jewellery
 n - a +6 ring of strength (left hand)
 q - a +5 ring of evasion (right hand)
 s - an amulet of magic regeneration
 A - a ring of willpower
 F - an amulet of the acrobat (around neck)
 K - an amulet of magic regeneration
 Q - the ring of Unexton {Str+4 Int+6}
   (You took it off a gnoll sergeant on level 8 of the Dungeon)

   [ring of intelligence]

   Str+4:     It affects your strength (+4).
   Int+6:     It affects your intelligence (+6).
Talismans
 G - a serpent talisman
Wands
 C - a wand of mindburst (8)
 E - a wand of iceblast (11) (quivered)
Potions
 g - a potion of lignification
 l - a potion of resistance
 u - 2 potions of degeneration
 x - 2 potions of berserk rage {unknown}
 z - a potion of mutation {unknown}
 H - a potion of enlightenment {unknown}
Miscellaneous
 P - a lightning rod (4/4)


   Skills:
 + Level 7.0 Fighting
 + Level 12.7 Maces & Flails
 + Level 9.6 Armour
 + Level 2.1 Dodging
 + Level 0.9 Stealth
 + Level 8.0 Shields
 + Level 0.2 Evocations


You had 9 spell levels left.
You didn't know any spells.
Your spell library contained the following spells:

 Spells                   Type           Power      Damage    Failure   Level
 Magic Dart               Conj           0%         1d3       98%         1
 Shock                    Conj/Air       0%         1d3       98%         1
 Call Imp                 Summ           0%         N/A       99%         2
 Jinxbite                 Hex            0%         N/A       99%         2
 Searing Ray              Conj           0%         2d4       99%         2
 Static Discharge         Conj/Air       0%         3-3/arc   99%         2
 Mephitic Cloud           Conj/Pois/Air  0%         N/A       100%        3
 Ozocubu's Armour         Ice            0%         N/A       100%        3
 Summon Guardian Golem    Hex/Summ       0%         N/A       100%        3
 Swiftness                Air            0%         N/A       100%        3
 Volatile Blastmotes      Fire/Tloc      0%         2d10      100%        3
 Airstrike                Air            0%         2d(0-16)  100%        4
 Fulminant Prism          Conj/Hex       0%         3d5       100%        4
 Iskenderun's Mystic Bla  Conj/Tloc      0%         2d3       100%        4
 Summon Lightning Spire   Summ/Air       0%         N/A       100%        4
 Metabolic Englaciation   Hex/Ice        0%         N/A       100%        5
 Silence                  Hex/Air        0%         N/A       100%        5
 Simulacrum               Ice/Necr       0%         N/A       100%        6
 Discord                  Hex            0%         N/A       100%        8


Dungeon Overview and Level Annotations

Branches:
Dungeon (8/15)             Temple (0/1) D:7
   Lair: D:8-11

Altars:
Dithmenos
Gozag
Hepliaklqana
Kikubaaqudgha
Nemelex Xobeh
Okawaru
Qazlal
Ru
Sif Muna
Trog
Uskayaw
Zin
The Shining One

Shops:
D:4 =   D:7 (

Annotations:
D:8 Grum


Innate Abilities, Weirdness & Mutations

You have a pair of horns on your head.
You reflexively headbutt those who attack you in melee.


Message History

You block the orc warrior's attack.
You hit the orc warrior. You burn the orc warrior.
You kill the orc warrior!
An orc priest comes into view. It is wielding a +0 flail.
Your Shields skill increases to level 8!
You slice the orc priest!! You burn the orc priest.
You kill the orc priest!
Items here: )) [[.
Okay, then.
An orc comes into view. It is wielding a +0 dagger.
Okay, then.
Things that are here:
a +0 ring mail; a +0 kite shield The death knight shouts!
Okay, then.
The death knight completely misses you.
You slash the death knight! You burn the death knight.
You headbutt the death knight, but do no damage.
The death knight is moderately wounded.
The death knight hits you with a +1 broad axe!
You closely miss the death knight.
The death knight is moderately wounded.
The death knight hits you with a +1 broad axe!!
The death knight mumbles some strange prayers to Yredelemnul against you.
You struggle to resist.
You feel very mighty all of a sudden.
The death knight hits you with a +1 broad axe!
You slice the death knight!! You burn the death knight.
The death knight is heavily wounded.
You slice the orc!! You burn the orc.
You kill the orc!
The death knight hits you with a +1 broad axe!!
* * * LOW HITPOINT WARNING * * *
You slash the death knight! You burn the death knight.
The death knight is severely wounded.
You block the death knight's attack.
Okay, then.
Zin grants you divine stamina.
The death knight hits you with a +1 broad axe!!
You die...

..##..# #..##..#####..
##..### #.#######..
.###..###..#####..#
.c.###.o#.###..#..##..
.....##.[###..#..#.#.. .#
. #.#.†.###..#..#..#.#.#
.#.
#.#.#..####..#..#..#.#...
..#.##....####.)#..#.#.#
. ###.#####.c.####@p.#...
..#
####........###..#.##....
#...........###......#
#........c......c.#..##
#.#########....#### # #
######


You could see a death knight.

Vanquished Creatures
  3 centaur warriors (D:8)
  Jeremiah (D:7)
  A shadow (D:8)
  2 steam dragons (D:8)
  A water moccasin (D:6)
  2 black bears
  An ice beast (D:7)
  An orc warrior (D:8)
  3 wolves (D:8)
  3 ogres
  A phantom (D:5)
  2 kobold brigands
  2 bullfrogs
  A gnoll sergeant (D:8)
  3 scorpions (D:5)
  3 wights (D:6)
  2 howler monkeys
  5 hounds
  A jelly (D:7)
  2 gnoll boudas
  3 orc priests
  2 iguanas
  A sleepcap (D:4)
  2 orc wizards
  9 gnolls
  9 adders
  A shadow imp (D:6)
  2 white imps
  An ufetubus (D:5)
  5 worms
  5 dart slugs
  22 orcs
  4 ball pythons
  10 endoplasms
  4 giant cockroaches
  7 goblins
  9 hobgoblins
  2 jackals (D:3)
  3 quokkas
  4 bats
  15 kobolds
  12 rats
172 creatures vanquished.

Notes
Turn   | Place    | Note
-------+----------+-------------------------------------------
     0 | D:1      | EC1 the Minotaur Fighter began the quest for the Orb.
     0 | D:1      | Reached XP level 1. HP: 19/19 MP: 0/0
     6 | D:1      | Noticed a lindwurm
     6 | D:1      | Noticed a rime drake
     6 | D:1      | Noticed a polar bear
     8 | D:1      | Noticed a snapping turtle
     8 | D:1      | Noticed a hound
    81 | D:1      | Reached XP level 2. HP: 27/27 MP: 1/1
   331 | D:1      | You fall into a shaft and drop 1 floor!
   331 | D:2      | Identified the "Ledd"
   399 | D:2      | Reached XP level 3. HP: 33/33 MP: 2/2
   915 | D:2      | Reached skill level 3 in Maces & Flails
  1243 | D:2      | Found an ancient bone altar of Kikubaaqudgha.
  1432 | D:3      | Found a glowing silver altar of Zin.
  1460 | D:3      | Became a worshipper of Zin the Law-Giver
  1460 | D:3      | Reached * piety under Zin
  1492 | D:3      | Reached XP level 4. HP: 33/40 MP: 3/3
  1559 | D:3      | Found a faded altar of an unknown god.
  1687 | D:3      | Found a hazy altar of Hepliaklqana.
  1813 | D:3      | Reached skill level 4 in Maces & Flails
  2085 | D:4      | Reached XP level 5. HP: 46/46 MP: 4/4
  2098 | D:4      | Found an opulent altar of Gozag.
  2103 | D:4      | Reached ** piety under Zin
  2417 | D:4      | Reached skill level 5 in Maces & Flails
  2466 | D:4      | Noticed a black bear
  2474 | D:4      | Killed a black bear
  2475 | D:4      | Reached skill level 5 in Armour
  2475 | D:4      | Reached skill level 1 in Dodging
  2475 | D:4      | Reached XP level 6. HP: 47/53 MP: 5/5
  2501 | D:4      | Found a sparkling altar of Nemelex Xobeh.
  2530 | D:4      | Found Natunibegi's Jewellery Emporium.
  2600 | D:4      | Found an iron altar of Okawaru.
  2684 | D:4      | Noticed a moth of wrath
  2687 | D:4      | Found a bloodstained altar of Trog.
  2766 | D:5      | Entered Level 5 of the Dungeon
  2776 | D:5      | Found a shimmering blue altar of Sif Muna.
  2799 | D:5      | Noticed a +0 short sword
  2800 | D:5      | Noticed a +0 dagger
  2800 | D:5      | Noticed a +0 spear
  2800 | D:5      | Noticed a +0 short sword
  2801 | D:5      | Noticed a +0 spear
  2801 | D:5      | Noticed a +0 falchion
  2801 | D:5      | Noticed a +0 dagger
  2801 | D:5      | Noticed a +0 falchion
  2804 | D:5      | Found a hide-covered altar of Uskayaw.
  2844 | D:5      | Reached skill level 5 in Shields
  2852 | D:5      | Reached skill level 6 in Maces & Flails
  2858 | D:5      | Reached XP level 7. HP: 40/60 MP: 6/6
  2957 | D:5      | Reached skill level 7 in Maces & Flails
  3004 | D:5      | Reached skill level 5 in Fighting
  3023 | D:5      | Noticed an air elemental
  3025 | D:5      | Found a stormy altar of Qazlal.
  3105 | D:5      | Reached skill level 8 in Maces & Flails
  3105 | D:5      | Reached XP level 8. HP: 68/68 MP: 7/7
  3128 | D:5      | Found a shadowy altar of Dithmenos.
  3134 | D:5      | Found a glowing golden altar of the Shining One.
  3687 | D:6      | Reached skill level 9 in Maces & Flails
  3746 | D:6      | Reached *** piety under Zin
  4370 | D:7      | Found a sacrificial altar of Ru.
  4464 | D:7      | Noticed Jeremiah
  4483 | D:7      | Killed Jeremiah
  4484 | D:7      | Reached skill level 10 in Maces & Flails
  4672 | D:7      | Reached XP level 9. HP: 75/75 MP: 8/8
  4781 | D:7      | Found Rodir's Weapon Emporium.
  5216 | D:7      | Found a staircase to the Ecumenical Temple.
  5790 | D:8      | Noticed Grum
  5832 | D:8      | Reached skill level 11 in Maces & Flails
  5924 | D:8      | Noticed a centaur warrior
  5924 | D:8      | Noticed a centaur warrior
  5924 | D:8      | Noticed a death knight
  5926 | D:8      | Noticed a centaur warrior
  6001 | D:8      | Killed a centaur warrior
  6011 | D:8      | Killed a centaur warrior
  6012 | D:8      | Reached skill level 12 in Maces & Flails
  6012 | D:8      | Reached XP level 10. HP: 29/84 MP: 9/9
  6237 | D:8      | Killed a centaur warrior
  6280 | D:8      | Identified the ring of Unexton {Str+4 Int+6}
  6337 | D:8      | Slain by a death knight

Illustrated notes

Levels and vault maps discovered:
D:1:      onia_arrival_zoo_common, layout_loops_ring, serial_bayou_lagoon_a
D:2:      kennysheep_six_static_rooms, layout_loops_corners, basic_altar
D:3:      layout_basic, pf_just_have_faith,
          mainiacjoe_overflow_concentric_impassable,
          ebering_ecumenical_altar_ruins
D:4:      layout_loops_ring, nicolae_gozag_cash_rules_everything_around_me,
          nemelex_spade_bored_becter, mainiacjoe_overflow_alcove_4, tgw_trog,
          serial_shops, shop
D:5:      layout_rooms, mainiacjoe_overflow_tiny_flanked,
          nicolae_uskayaw_en_pointe, nicolae_qazlal_style_of_elements,
          mainiacjoe_overflow_big_doors, minmay_fractal_squares_gapless_5
D:6:      layout_basic
D:7:      layout_basic, nicolae_ru_great_annihilating_truth,
          minmay_temple_entry_glassed_door, serial_shops, shop, uniq_jeremiah
D:8:      minmay_the_grid_triangle_9x9_recursive_2
          [minmay_the_grid_triangle_9x9_prize_schism,
          minmay_the_grid_triangle_9x9_odd_lines,
          minmay_the_grid_triangle_9x9_descending_squares,
          minmay_the_grid_triangle_9x9_stretched_checkered], layout_rooms,
          doesnt_xom_only_xom, nicolae_wwwww, chequers_serial_rivers_room_b,
          serial_bayou_pond_d, uniq_grum

Skill      XL: |  1  2  3  4  5  6  7  8  9 10 |
---------------+-------------------------------+-----
Shields        | 4 5 6 7 8 |  8.0
Armour         | 4 5 6 7 9 |  9.6
Fighting       | 4 5 6 7 |  7.0
Maces & Flails | 3 4 5 6 8 10 12 | 12.7
Dodging        | 1 2 |  2.1
Stealth        | |  0.9
Evocations     | |  0.2

Action                     |  1- 3 |  4- 6 |  7- 9 | 10-12 || total
---------------------------+-------+-------+-------+-------++-------
  Melee: Flail             |    79 |   104 |   221 |    12 ||   416
         Headbutt          |     4 |    18 |    46 |     8 ||    76
         Broad axe         |       |       |       |    14 ||    14
 Invoke: Vitalisation      |       |       |       |     1 ||     1
  Evoke: Wand              |       |       |     1 |       ||     1
    Use: Scroll            |     4 |     3 |     7 |       ||    14
         Potion            |       |       |     3 |     1 ||     4
   Stab: Paralysed         |       |       |     1 |       ||     1
 Armour: Scale mail        |    31 |       |       |       ||    31
         Plate armour      |    10 |    54 |   169 |    24 ||   257
  Dodge: Dodged            |    38 |    55 |   203 |    13 ||   309
  Block: Buckler           |    32 |    13 |    65 |     8 ||   118

Table legend: (Time is in decaauts)
 A = Elapsed time spent in this place.
 B = Non-inter-level travel time spent in this place.
 C = Inter-level travel time spent in this place.
 D = Time resting spent in this place.
 E = Time spent auto-exploring this place.
 F = Levels seen in this place.
 G = Mean time per level.
                   A        B        C        D        E       F      G
               +--------+--------+--------+--------+--------+-----+--------+
         Total |   6355 |   6206 |    149 |    555 |    969 |   8 |  794.4 |
       Dungeon |   6355 |   6206 |    149 |    555 |    969 |   8 |  794.4 |
               +--------+--------+--------+--------+--------+-----+--------+

Top non-repeatable levels by time:
     D:7: 1175 daAuts
     D:2: 1108 daAuts
     D:8: 884 daAuts
     D:6: 816 daAuts
     D:4: 727 daAuts
     D:5: 676 daAuts
     D:3: 628 daAuts
     D:1: 338 daAuts
